 Dungeon Crawl Stone Soup version 0.24.0-13-gcf9b319 (webtiles) character file.

Game seed: 1030262406324674000, levelgen mode: deterministic

387 Fang the Skirmisher (level 6, -8/60 HPs)
             Began as a Gargoyle Berserker on Dec 10, 2019.
             Was a Believer of Trog.
             Mangled by Menkaure (14 damage)
             ... on level 4 of the Dungeon.
             The game lasted 00:02:17 (2973 turns).

Fang the Skirmisher (Gargoyle Berserker)            Turns: 2973, Time: 00:02:17

Health: -8/60      AC:  6    Str: 28    XL:     6   Next: 78%
Magic:  6/6        EV: 13    Int:  7    God:    Trog [**....]
Gold:   120        SH:  0    Dex:  9    Spells: 5/5 levels left

rFire    . . .     SeeInvis .   a - +0 hand axe
rCold    . . .     Gourm    .   (no shield)
rNeg     + . .     Faith    .   b - +0 animal skin
rPois    ∞         Spirit   .   (no helmet)
rElec    +         Reflect  .   (no cloak)
rCorr    .         Harm     .   (no gloves)
MR       .....                  (no boots)
Stlth    ..........             (no amulet)
HPRegen  0.20/turn              (no ring)
MPRegen  0.10/turn              (no ring)

@: berserking, very quick
A: negative energy resistance 1, electricity resistance, unbreathing,
petrification resistance, rot immunity, AC +4
a: Berserk, Trog's Hand, Renounce Religion


You were on level 4 of the Dungeon.
You worshipped Trog.
Trog was pleased with you.
You were very hungry.

You visited 1 branch of the dungeon, and saw 4 of its levels.

You collected 120 gold pieces.

Inventory:

Hand Weapons
 a - a +0 hand axe (weapon)
Armour
 b - a +0 animal skin (worn)
Wands
 o - a wand of random effects (12)
Scrolls
 d - 4 scrolls of identify {unknown}
 e - a scroll of blinking {unknown}
 f - 2 scrolls of remove curse {unknown}
 i - a scroll of random uselessness {unknown}
 l - a scroll of fear {unknown}
 n - a scroll of fog {unknown}
Potions
 g - a potion of lignification {unknown}
 h - 3 potions of curing {unknown}
 j - a potion of invisibility {unknown}
 m - a potion of magic {unknown}
Comestibles
 c - 4 rations
 k - 2 chunks of flesh


   Skills:
 + Level 5.0 Fighting
 + Level 4.0 Axes
 + Level 4.2 Armour
 + Level 3.1 Dodging


You had 5 spell levels left.
You didn't know any spells.
Your spell library was empty.

Dungeon Overview and Level Annotations

Branches:
Dungeon (4/15)
 Temple: D:4-7

Altars:

Annotations:
D:4 Menkaure


Innate Abilities, Weirdness & Mutations

You are resistant to torment.
Your stone body is resilient. (AC +4)
You are immune to poison.
You resist negative energy. (rN+)
You are resistant to electric shocks. (rElec)
You can survive without breathing.
You are immune to petrification.
You are immune to rotting.


Message History

You are too injured to fight recklessly!
You are too injured to fight recklessly!
You are too injured to fight recklessly!
You are too injured to fight recklessly!
You are too injured to fight recklessly!
You are too injured to fight recklessly!
You are too injured to fight recklessly!
A red film seems to cover your vision as you go berserk!
You feel yourself moving faster!
You feel mighty!
You are feeling very hungry.
Menkaure closely misses you.
Menkaure gestures at you while chanting.
Pain shoots through your body!
* * * LOW HITPOINT WARNING * * *
You hit Menkaure.
Menkaure is moderately damaged.
You hit Menkaure but do no damage.
Menkaure is moderately damaged.
Menkaure hits you!
You die...

## #.. # #...
##.# #.... .#.#
#.....###...##..
......M@........
#.....##.♣♣♣♣♣.
#######..♣
........♣♣
######..♣♣ #
##..♣♣♣♣♣♣.#
#######)......#
#.....)[.....##
#......<....##


You could see Menkaure.

Vanquished Creatures
  Duvessa (D:4)
  Dowan (D:4)
  Crazy Yiuf (D:2)
  An orc wizard (D:3)
  A hound skeleton (D:4)
  4 gnolls
  4 adders
  An ooze (D:3)
  A worm (D:3)
  3 dart slugs
  3 leopard geckos (D:3)
  4 orcs (D:3)
  7 bats
  3 giant cockroaches
  4 goblins
  8 hobgoblins
  3 jackals (D:3)
  8 kobolds
  3 frilled lizards
  6 rats
67 creatures vanquished.

Vanquished Creatures (others)
  A giant cockroach (D:1)
1 creature vanquished.

Grand Total: 68 creatures vanquished

Notes
Turn   | Place    | Note
-------+----------+-------------------------------------------
     0 | D:1      | Fang the Gargoyle Berserker began the quest for the Orb.
     0 | D:1      | Reached XP level 1. HP: 14/14 MP: 1/1
   117 | D:1      | Reached XP level 2. HP: 19/19 MP: 2/2
   214 | D:1      | Reached XP level 3. HP: 8/24 MP: 3/3
   860 | D:2      | Found a runed translucent door.
   861 | D:2      | Noticed Crazy Yiuf
  1345 | D:2      | Reached ** piety under Trog
  1565 | D:2      | Killed Crazy Yiuf
  1565 | D:2      | Reached skill level 4 in Fighting
  1565 | D:2      | Reached XP level 4. HP: 29/29 MP: 4/4
  2258 | D:3      | Reached XP level 5. HP: 33/33 MP: 5/5
  2623 | D:4      | Noticed Duvessa
  2623 | D:4      | Noticed Dowan
  2638 | D:4      | Killed Duvessa
  2638 | D:4      | Reached XP level 6. HP: 21/39 MP: 6/6
  2648 | D:4      | Killed Dowan
  2656 | D:4      | HP: 2/40 [gnoll/+0 halberd (2)]
  2962 | D:4      | Noticed Menkaure
  2966 | D:4      | Reached skill level 5 in Fighting
  2973 | D:4      | Mangled by Menkaure

Levels and vault maps discovered:
D:1:      shiori_arrival_elements, layout_basic, skrybe_limestone_x
D:2:      layout_basic, uniq_crazy_yiuf_cottage
D:3:      minmay_wonky_spiral, layout_loops_corners, minmay_crystal_room
D:4:      layout_basic, minmay_temple_entry_from_below_a,
          nicolae_ossuary_entry_plus, nrook_campfire, uniq_menkaure, uniq_robin,
          uniq_duvessa

Skill      XL: |  1  2  3  4  5  6 |
---------------+-------------------+-----
Axes           | 3 4 |  4.0
Dodging        | 2 3 |  3.1
Fighting       | 4 5 |  5.0
Armour         | 3 4 |  4.2

Action                   |  1- 3 |  4- 6 || total
-------------------------+-------+-------++-------
Melee: Hand axe          |    66 |   131 ||   197
Invok: Berserk           |     2 |     3 ||     5
  Eat: Chunk             |     3 |     7 ||    10
Armor: Animal skin       |    29 |    49 ||    78
Dodge: Dodged            |    51 |    76 ||   127
